[Event "Titled Tuesday Blitz March 01 Late 2022"]
[White "Romero Ruscalleda, Josep"]
[Black "Voit, Daria"]
[WhiteFideId "2231859"]
[BlackFideId "4182146"]
[WhiteElo "2319"]
[BlackElo "2543"]
[Result "0-1"]
[Round "04"]
[TimeControl "180+1"]
[Date "2022.03.02"]
[WhiteClock "0:00:05"]
[BlackClock "0:00:18"]

1. e4 c6 2. Nc3 d5 3. Nf3 dxe4 4. Nxe4 Nf6 5. Qe2 Nxe4 6. Qxe4 Qa5 7. Bc4 Bf5 8. Qf4 e6 9. Bb3 Nd7 10. O-O Be7 11. d4 O-O 12. c3 Bd3 13. Re1 Rac8 14. Bd2 Qf5 15. Qg3 Qg6 16. Rad1 Qxg3 17. hxg3 Rfd8 18. Bg5 Bxg5 19. Rxd3 Bf6 20. Rde3 h6 21. R3e2 Nb6 22. Nd2 c5 23. dxc5 Rxc5 24. Ne4 Rc7 25. Nxf6+ gxf6 26. f3 Rcd7 27. Kf2 Kg7 28. g4 Nd5 29. Rd2 Nf4 30. Rxd7 Rxd7 31. Kg3 e5 32. Rd1 Rxd1 33. Bxd1 Kg6 34. b3 Kg5 35. a3 f5 36. gxf5 Kxf5 37. Bc2+ Kg5 38. Kf2 h5 39. g3 Ne6 40. b4 f5 41. Bb3 Nc7 42. Bc4 f4 43. Bd3 fxg3+ 44. Kxg3 h4+ 45. Kg2 Kf4 46. Be4 b6 47. c4 Ne6 48. Bd5 Nc7 49. Bc6 Ke3 50. Be4 Kd4 51. Kh3 Kxc4 52. Kxh4 Kb3 53. Kg5 Kxa3 54. Kf5 Kxb4 55. Kxe5 a5 56. f4 a4 57. f5 a3 58. Bb1 Ne8 59. Ba2 Kc3 60. Bf7 Kb2 0-1


[Site "https://www.chess.com"]

[Event "Titled Tuesday Blitz March 01 Late 2022"]
[White "Rorrer, Grayson"]
[Black "Rabineau, Clement"]
[WhiteFideId "30944996"]
[BlackFideId "628891"]
[WhiteElo "2701"]
[BlackElo "2436"]
[Result "1-0"]
[Round "04"]
[TimeControl "180+1"]
[Date "2022.03.02"]
[WhiteClock "0:00:12"]
[BlackClock "0:00:24"]

1. e4 d6 2. d4 g6 3. Nc3 Bg7 4. Be3 a6 5. f4 Nd7 6. Nf3 b5 7. Qd2 Bb7 8. O-O-O b4 9. Nd5 Ngf6 10. Nxf6+ Nxf6 11. e5 Nd5 12. Bf2 a5 13. h4 a4 14. h5 a3 15. Bc4 axb2+ 16. Kxb2 Nc3 17. Ra1 Bxf3 18. gxf3 dxe5 19. fxe5 Bxe5 20. Rae1 Bf6 21. Qf4 Qd6 22. Bg3 Qxd4 23. Qxd4 Bxd4 24. Be5 Na4+ 25. Kc1 Bxe5 26. Rxe5 Nb6 27. Bb3 Kd8 28. Rd1+ Kc8 29. Rxe7 Ra7 30. h6 Rf8 31. Bxf7 Nc4 32. Bxc4 c6 33. Rxa7 Kb8 34. Rxh7 Rxf3 35. Rh8+ Kc7 36. h7 Kb6 37. Rb8+ Kc5 38. h8=Q Rf5 39. Qd4# 1-0


[Site "https://www.chess.com"]

[Event "Titled Tuesday Blitz March 01 Late 2022"]
[White "Rudzinska, Michalina"]
[Black "Leenhouts, Koen"]
[WhiteFideId "1172883"]
[BlackFideId "1008439"]
[WhiteElo "1904"]
[BlackElo "2409"]
[Result "0-1"]
[Round "04"]
[TimeControl "180+1"]
[Date "2022.03.02"]
[WhiteClock "0:00:33"]
[BlackClock "0:01:09"]

1. Nf3 Nf6 2. b3 d5 3. Bb2 c6 4. e3 Nbd7 5. d4 e6 6. Bd3 Bd6 7. O-O O-O 8. Nbd2 b6 9. e4 dxe4 10. Nxe4 Nxe4 11. Bxe4 Bb7 12. c4 Nf6 13. Bc2 c5 14. Qd3 Bxf3 15. Qxf3 cxd4 16. Rad1 e5 17. Bc1 h6 18. Qf5 Re8 19. f4 e4 20. Rfe1 d3 21. Bb1 Bc5+ 22. Kh1 Qd7 23. Qxd7 Nxd7 24. f5 Nf6 25. Bd2 Ng4 26. b4 Bd4 27. Rc1 e3 28. Bxe3 Bxe3 0-1


[Site "https://www.chess.com"]

[Event "Titled Tuesday Blitz March 01 Late 2022"]
[White "Rustemov, Alexander"]
[Black "Landaw, Julian"]
[WhiteFideId "4119002"]
[BlackFideId "2023342"]
[WhiteElo "2786"]
[BlackElo "2312"]
[Result "1-0"]
[Round "04"]
[TimeControl "180+1"]
[Date "2022.03.01"]
[WhiteClock "0:02:02"]
[BlackClock "0:00:55"]

1. d4 d5 2. c4 c6 3. Nc3 e6 4. e3 f5 5. f4 Nf6 6. Nf3 Bb4 7. Bd2 O-O 8. Bd3 a6 9. O-O b5 10. Nxd5 Nxd5 11. cxd5 Bxd2 12. Qxd2 Qxd5 13. Rfc1 Nd7 14. Bc2 c5 15. dxc5 Qxd2 16. Nxd2 Nxc5 17. Bb3 Nd3 18. Rc2 Re8 19. Nf3 Re7 20. Rd1 Nb4 21. Rd8+ 1-0


[Site "https://www.chess.com"]

[Event "Titled Tuesday Blitz March 01 Late 2022"]
[White "Sailer, Mike"]
[Black "Okike, David"]
[WhiteFideId "2012901"]
[BlackFideId "8500134"]
[WhiteElo "2109"]
[BlackElo "2232"]
[Result "1-0"]
[Round "04"]
[TimeControl "180+1"]
[Date "2022.03.02"]
[WhiteClock "0:00:06"]
[BlackClock "0:00:54"]

1. d4 Nf6 2. Nf3 e6 3. Bf4 c5 4. e3 Qb6 5. b3 cxd4 6. exd4 Nd5 7. Bd2 Nc6 8. c3 Be7 9. Bd3 f5 10. O-O O-O 11. Re1 Nf6 12. a4 d5 13. Bg5 h6 14. Bxf6 Bxf6 15. Nbd2 Ne7 16. Ne5 Qc7 17. Rc1 Nc6 18. f4 Bd7 19. c4 Qd6 20. Ndf3 Nb4 21. c5 Qe7 22. Nxd7 Qxd7 23. Bb5 Qc8 24. Qe2 Kf7 25. Ne5+ Bxe5 26. Qxe5 Nc6 27. Bxc6 Qxc6 28. b4 Rfe8 29. b5 Qd7 30. c6 bxc6 31. Rxc6 Rac8 32. Rec1 Rxc6 33. bxc6 Qc8 34. c7 Re7 35. Rc6 Re8 36. h3 Re7 37. g4 g6 38. Kg2 Re8 39. Kf3 Re7 40. g5 hxg5 41. fxg5 Kg8 42. Qf6 Rxc7 43. Qxg6+ Kf8 44. Qf6+ Kg8 45. Rxc7 Qxc7 46. Qxe6+ Kh7 47. Qxf5+ Kh8 48. Qf6+ Kh7 49. g6+ Kh6 50. Kg4 Qd7+ 51. Qf5 Qxa4 52. Qh5+ Kg7 53. Qh7+ Kf6 54. Qf7# 1-0


[Site "https://www.chess.com"]

[Event "Titled Tuesday Blitz March 01 Late 2022"]
[White "Salinas Herrera, Pablo"]
[Black "Zubritskiy, Artyom"]
[WhiteFideId "3407128"]
[BlackFideId "4181247"]
[WhiteElo "2541"]
[BlackElo "2459"]
[Result "1-0"]
[Round "04"]
[TimeControl "180+1"]
[Date "2022.03.01"]
[WhiteClock "0:01:02"]
[BlackClock "0:00:03"]

1. d4 f5 2. Bf4 Nf6 3. e3 d6 4. h4 e6 5. Nd2 Nc6 6. c3 e5 7. Bg5 Be6 8. Bb5 Be7 9. Ngf3 e4 10. Ng1 O-O 11. Ne2 a6 12. Ba4 b5 13. Bb3 Bxb3 14. Qxb3+ d5 15. Nf4 Na5 16. Qc2 Qd7 17. a4 c6 18. b4 Nb7 19. Bxf6 Bxf6 20. Nb3 Be7 21. Ke2 Bd6 22. g3 Bxf4 23. gxf4 Qf7 24. h5 h6 25. Kd2 Rfc8 26. Nc5 Nd6 27. Qd1 Nc4+ 28. Kc2 a5 29. axb5 axb4 30. cxb4 cxb5 31. Kb3 Qe8 32. Qe2 Qc6 33. Rhb1 Rxa1 34. Rxa1 Ra8 35. Ra2 Kf7 36. Qc2 Ke7 37. Qb1 Kf7 38. Qa1 Rxa2 39. Qxa2 Kf6 40. Qa7 Qe8 41. Qa6+ Kf7 42. Qg6+ Kg8 43. Qxe8+ 1-0


[Site "https://www.chess.com"]

[Event "Titled Tuesday Blitz March 01 Late 2022"]
[White "Sarana, Alexey"]
[Black "Cardoso Cardoso, Jose Gabriel"]
[WhiteFideId "24133795"]
[BlackFideId "4430492"]
[WhiteElo "2665"]
[BlackElo "2451"]
[Result "1-0"]
[Round "04"]
[TimeControl "180+1"]
[Date "2022.03.01"]
[WhiteClock "0:01:19"]
[BlackClock "0:00:02"]

1. d4 Nf6 2. c4 g6 3. Nc3 Bg7 4. e4 d6 5. Be2 O-O 6. Be3 c6 7. Nf3 a6 8. O-O b5 9. Qc2 Nbd7 10. Rad1 bxc4 11. Bxc4 d5 12. Bb3 Nb6 13. e5 Bf5 14. Qc1 Ne8 15. Na4 Nxa4 16. Bxa4 Qa5 17. Qxc6 Rc8 18. Bd2 Qd8 19. Qxa6 Ra8 20. Qc6 Nc7 21. Bb3 Ra6 22. Qc5 Qd7 23. Rc1 Ne6 24. Qxd5 Qa7 25. Be3 Qb8 26. h3 h5 27. Rfd1 Rb6 28. Nh4 Rb5 29. Qf3 Rxb3 30. axb3 Qxb3 31. Nxf5 gxf5 32. Qxf5 Qxb2 33. Qxh5 1-0


[Site "https://www.chess.com"]

[Event "Titled Tuesday Blitz March 01 Late 2022"]
[White "Scalzo, Antonio R"]
[Black "Khabinets, Ivan"]
[WhiteFideId "2079674"]
[BlackFideId "14115980"]
[WhiteElo "2306"]
[BlackElo "2114"]
[Result "0-1"]
[Round "04"]
[TimeControl "180+1"]
[Date "2022.03.02"]
[WhiteClock "0:00:02"]
[BlackClock "0:00:19"]

1. b4 e6 2. Bb2 Nf6 3. a3 b6 4. e3 Bb7 5. Nf3 Be7 6. c4 O-O 7. Be2 d5 8. O-O dxc4 9. Bxc4 c5 10. bxc5 Bxc5 11. d4 Be7 12. Nbd2 Nc6 13. Rc1 Rc8 14. Ba2 Qd7 15. Bb1 Na5 16. Ne5 Qd6 17. Qe2 Nd7 18. Nef3 Nf6 19. Ne5 Nd7 20. Nef3 a6 21. Qd3 g6 22. Ba2 b5 23. Ne4 Bxe4 24. Qxe4 Nc4 25. Bxc4 bxc4 26. Rc3 Nb6 27. Rc2 Na4 28. Bc1 Qd5 29. Qg4 c3 30. e4 Qb3 31. Ne1 Bxa3 32. Bh6 Rfd8 33. Qf4 Bf8 34. Bg5 Rxd4 35. Bf6 Rd1 36. Be5 Rc5 37. Re2 Qc4 38. Re3 c2 39. Rh3 Rxe5 40. Qxe5 c1=Q 41. Qf6 Qxf1+ 42. Kxf1 Rxe1# 0-1


[Site "https://www.chess.com"]

[Event "Titled Tuesday Blitz March 01 Late 2022"]
[White "Schrik, Rachid"]
[Black "Kovanova, Baira"]
[WhiteFideId "1009818"]
[BlackFideId "4164083"]
[WhiteElo "2070"]
[BlackElo "2190"]
[Result "1-0"]
[Round "04"]
[TimeControl "180+1"]
[Date "2022.03.02"]
[WhiteClock "0:00:09"]
[BlackClock "0:00:57"]

1. d4 Nf6 2. c4 e6 3. Nc3 Bb4 4. a3 Bxc3+ 5. bxc3 c5 6. f3 d6 7. e4 Nc6 8. Ne2 e5 9. Be3 b6 10. d5 Ne7 11. a4 O-O 12. a5 Bd7 13. Ng3 bxa5 14. Be2 a4 15. O-O Rb8 16. f4 exf4 17. Bxf4 Rb6 18. e5 dxe5 19. Bxe5 Ng6 20. Bxf6 Rxf6 21. Ne4 Rxf1+ 22. Qxf1 Qe7 23. Bf3 Ne5 24. d6 Nxf3+ 25. Qxf3 Qe5 26. Rd1 a3 27. Rd5 Qe6 28. Nxc5 a2 29. Rd1 Qxc4 30. Nxd7 Rd8 31. Ne5 Qc5+ 32. Qf2 Qxf2+ 33. Kxf2 Rxd6 34. Rxd6 1-0


[Site "https://www.chess.com"]

[Event "Titled Tuesday Blitz March 01 Late 2022"]
[White "Silva, Kaua Marques"]
[Black "Morales Flores, Monserrat"]
[WhiteFideId "22701168"]
[BlackFideId "3412016"]
[WhiteElo "2013"]
[BlackElo "2028"]
[Result "1/2-1/2"]
[Round "04"]
[TimeControl "180+1"]
[Date "2022.03.02"]
[WhiteClock "0:00:22"]
[BlackClock "0:00:17"]

1. e4 c5 2. Nc3 e6 3. g3 Nc6 4. Bg2 g6 5. h4 h5 6. d3 Bg7 7. Nge2 Nge7 8. Be3 d6 9. d4 cxd4 10. Nxd4 Nxd4 11. Bxd4 e5 12. Be3 Bg4 13. f3 Be6 14. Qd2 O-O 15. O-O-O Rc8 16. Kb1 Qa5 17. Nd5 Qd8 18. Bf1 Bxd5 19. exd5 Nf5 20. Bf2 Qc7 21. g4 hxg4 22. fxg4 Nd4 23. Bxd4 exd4 24. Bd3 Qc5 25. Qg2 Rfe8 26. h5 g5 27. h6 Bh8 28. h7+ Kf8 29. Rh5 Re5 30. Rf1 Qxd5 31. Qf2 Qe6 32. Rh6 Re1+ 33. Rxe1 Qxh6 34. Rf1 Rc7 35. b3 Re7 36. Qf5 Qh4 37. Kb2 Qh2 38. Qc8+ Re8 39. Qxb7 Re7 40. Qa8+ Re8 41. Qd5 Re7 42. Qxg5 Bg7 43. Qd5 Qd2 44. Qa8+ Re8 45. Qh1 Qc3+ 46. Kb1 a6 47. h8=Q+ Bxh8 48. Qxh8+ Ke7 49. Qg7 Kd8 50. Qf6+ Kc8 51. Qxf7 Re1+ 52. Rxe1 Qxe1+ 53. Kb2 Qc3+ 54. Ka3 Qa5+ 55. Kb2 Qc3+ 56. Kc1 Qe1+ 57. Kb2 Qc3+ 1/2-1/2


[Site "https://www.chess.com"]

[Event "Titled Tuesday Blitz March 01 Late 2022"]
[White "Sliwicki, Damian"]
[Black "Fishbein, Alexander"]
[WhiteFideId "1127128"]
[BlackFideId "2000377"]
[WhiteElo "2423"]
[BlackElo "2622"]
[Result "0-1"]
[Round "04"]
[TimeControl "180+1"]
[Date "2022.03.02"]
[WhiteClock "0:00:06"]
[BlackClock "0:00:13"]

1. e4 c5 2. Nf3 d6 3. d4 cxd4 4. Qxd4 a6 5. c4 Nc6 6. Qe3 g6 7. Nc3 Bg7 8. Be2 Nf6 9. h3 O-O 10. O-O Nd7 11. Rb1 Qb6 12. Qd3 Nc5 13. Qc2 Be6 14. Be3 Qb4 15. a3 Qb3 16. Qc1 Bxc3 17. bxc3 Qa4 18. Bxc5 dxc5 19. Rxb7 Bxc4 20. Qh6 f6 21. Bxc4+ Qxc4 22. e5 Rf7 23. exf6 exf6 24. Rxf7 Qxf7 25. Qe3 Qe7 26. Qd3 Kg7 27. Re1 Qf7 28. Qe4 Rc8 29. g3 Rc7 30. Qa4 a5 31. Qb5 Qd5 32. Qb6 Rd7 33. Re3 c4 34. Kg2 Ne5 35. Qd4 Qxd4 36. cxd4 Nxf3 37. Kxf3 Rxd4 38. Re7+ Kf8 39. Ra7 Rd3+ 40. Ke2 Rxa3 41. Rc7 c3 42. Rxh7 Ra2+ 43. Kd3 Rxf2 44. Kxc3 Rf3+ 45. Kc4 Rxg3 46. Kb5 Kg8 47. Rh4 g5 48. Rh5 Kg7 49. Kxa5 Kg6 50. Rh8 f5 51. Kb5 f4 52. Kc4 Re3 53. Kd4 Re7 54. h4 g4 55. h5+ Kg5 56. h6 f3 57. Rg8+ Kf4 58. Rg7 Re6 59. h7 Rd6+ 60. Kc5 Rh6 61. Rf7+ Kg3 62. Kd4 f2 63. Ke3 Rxh7 64. Rxh7 f1=Q 65. Kd2 Qf2+ 66. Kd3 Qf3+ 67. Kd2 Qf4+ 68. Ke2 Qe4+ 69. Kf1 Qxh7 70. Kg1 Qc2 71. Kf1 Qd1# 0-1


[Site "https://www.chess.com"]

[Event "Titled Tuesday Blitz March 01 Late 2022"]
[White "Song, Michael"]
[Black "Ardila, Oscar Humberto"]
[WhiteFideId "2613190"]
[BlackFideId "4404742"]
[WhiteElo "2274"]
[BlackElo "1898"]
[Result "1-0"]
[Round "04"]
[TimeControl "180+1"]
[Date "2022.03.02"]
[WhiteClock "0:01:06"]
[BlackClock "0:00:07"]

1. e4 e5 2. f4 d5 3. exd5 e4 4. d3 Nf6 5. dxe4 Nxe4 6. Qe2 f5 7. Nf3 Qxd5 8. Nc3 Bb4 9. Bd2 Bxc3 10. Bxc3 O-O 11. Be5 Nc6 12. Qc4 Be6 13. Qxd5 Bxd5 14. a3 Rac8 15. Rd1 Be6 16. Bb5 Nxe5 17. Nxe5 c6 18. Bd3 Rce8 19. Ke2 Bc8 20. Ke3 Nc5 21. Bc4+ Be6 22. Bxe6+ Rxe6 23. b4 Ne4 24. Rd7 Nf6 25. Rxb7 g5 26. g3 Nd5+ 27. Kf3 Rfe8 28. c4 g4+ 29. Kf2 Nc3 30. Ke3 Rd6 31. c5 Rd5 32. Rc1 Ne4 33. Rc4 Nf6 34. Rd4 Red8 35. Nxc6 Rxd4 36. Nxd4 Re8+ 37. Kd3 Re4 38. Nxf5 Re6 39. Re7 Rc6 40. Kc4 Ra6 41. Re3 Kf8 42. Nd6 Rc6 43. b5 Rc7 44. c6 a6 45. a4 axb5+ 46. axb5 Ra7 47. b6 Ra1 48. c7 Rc1+ 49. Rc3 Rxc3+ 50. Kxc3 Ke7 51. c8=Q Kxd6 52. Qf5 Nd5+ 53. Kd4 Nxb6 54. Qxg4 Kc7 55. Qg7+ Nd7 56. Qxh7 Kd6 57. Qxd7+ Kxd7 58. Ke5 1-0


[Site "https://www.chess.com"]

[Event "Titled Tuesday Blitz March 01 Late 2022"]
[White "Stanisz, Patryk"]
[Black "Bon, Michael"]
[WhiteFideId "1123106"]
[BlackFideId "620696"]
[WhiteElo "1876"]
[BlackElo "2391"]
[Result "0-1"]
[Round "04"]
[TimeControl "180+1"]
[Date "2022.03.02"]
[WhiteClock "0:01:44"]
[BlackClock "0:00:27"]

1. Nf3 Nf6 2. c4 g6 3. Nc3 Bg7 4. b3 d5 5. Bb2 d4 6. Nb5 c5 7. e3 a6 8. Na3 Nc6 9. d3 O-O 10. e4 Qa5+ 11. Qd2 Qxd2+ 12. Nxd2 Nb4 13. Be2 Ng4 14. f4 Ne3 15. Kf2 e5 16. g3 f5 17. exf5 Bxf5 18. Ne4 exf4 19. gxf4 Bxe4 20. dxe4 Rxf4+ 21. Kg3 Rxe4 22. Bf3 Re7 23. Rae1 Nd3 24. Re2 Nf5+ 25. Kh3 Nf4+ 26. Kg4 Nxe2 27. Bxe2 Rxe2 28. Bc1 Rf8 29. h4 Ne3+ 30. Bxe3 Rxe3 31. Nc2 h5+ 32. Kg5 Rg3# 0-1


[Site "https://www.chess.com"]

[Event "Titled Tuesday Blitz March 01 Late 2022"]
[White "Steenbekkers, Franck"]
[Black "Kopczynski, Michal"]
[WhiteFideId "1004220"]
[BlackFideId "1124200"]
[WhiteElo "2173"]
[BlackElo "2235"]
[Result "0-1"]
[Round "04"]
[TimeControl "180+1"]
[Date "2022.03.02"]
[WhiteClock "0:00:49"]
[BlackClock "0:00:20"]

1. e4 c5 2. Nf3 d6 3. d4 cxd4 4. Nxd4 Nf6 5. Nc3 g6 6. Be3 Bg7 7. f3 O-O 8. Qd2 Nc6 9. O-O-O d5 10. exd5 Nxd5 11. Nxc6 bxc6 12. Bd4 e5 13. Bc5 Be6 14. Ne4 Rb8 15. h4 Re8 16. Bc4 h6 17. g4 Nf4 18. Qc3 Bxc4 19. Qxc4 Qa5 20. g5 h5 21. Nf6+ Bxf6 22. gxf6 Rb5 23. Rd7 Ne6 24. Be7 Reb8 25. Ba3 Rd5 26. Qxc6 Rxd7 27. Qxd7 Qb6 28. Rd1 Rd8 29. Qe7 Qe3+ 0-1


[Site "https://www.chess.com"]

[Event "Titled Tuesday Blitz March 01 Late 2022"]
[White "Szente Varga, Fruzsina"]
[Black "Johnson, Donald"]
[WhiteFideId "712264"]
[BlackFideId "30949122"]
[WhiteElo "1994"]
[BlackElo "1724"]
[Result "1-0"]
[Round "04"]
[TimeControl "180+1"]
[Date "2022.03.02"]
[WhiteClock "0:01:09"]
[BlackClock "0:01:15"]

1. e4 c5 2. Nf3 Nc6 3. Bb5 e6 4. b3 Nge7 5. Bb2 a6 6. Bxc6 Nxc6 7. O-O d6 8. d4 cxd4 9. Nxd4 Bd7 10. c4 Be7 11. Nxc6 Bxc6 12. Nd2 O-O 13. f4 d5 14. Qg4 g6 15. exd5 exd5 16. f5 dxc4 17. Nxc4 Bd7 18. Qd4 f6 19. fxg6 hxg6 20. Nb6 Bc6 21. Qc4+ Kg7 22. Nxa8 Qxa8 23. Rae1 Rf7 24. Rxe7 Rxe7 25. Bxf6+ Kf8 26. Bd4+ Ke8 27. Qg8+ Kd7 28. Qxa8 b5 29. Qa7+ Ke6 30. Re1+ 1-0


[Site "https://www.chess.com"]

[Event "Titled Tuesday Blitz March 01 Late 2022"]
[White "Sztokbant, Bernardo Vainzoff"]
[Black "Calcada, Lucas Galvan"]
[WhiteFideId "2115956"]
[BlackFideId "22746099"]
[WhiteElo "2264"]
[BlackElo "1402"]
[Result "1-0"]
[Round "04"]
[TimeControl "180+1"]
[Date "2022.03.02"]
[WhiteClock "0:00:06"]
[BlackClock "0:00:03"]

1. d4 Nf6 2. c4 g6 3. Nf3 Bg7 4. g3 O-O 5. Bg2 d6 6. O-O Nbd7 7. Nc3 e5 8. e4 Re8 9. Re1 c6 10. h3 a5 11. Be3 Qc7 12. Qc2 exd4 13. Nxd4 Nc5 14. Rad1 Ne6 15. Nde2 Nd7 16. Rd2 Ne5 17. b3 Nc5 18. f4 Ned7 19. Red1 Bf8 20. Bf2 Na6 21. a3 Nac5 22. Kh2 Qb6 23. Rb1 Qa6 24. g4 a4 25. b4 Nb3 26. Rdd1 Qxc4 27. Bf1 Qe6 28. Nxa4 Rxa4 29. Rxb3 Qxe4 30. Qxe4 Rxe4 31. Nc3 Rxf4 32. Bg3 Rf3 33. Bg2 Rxg3 34. Kxg3 Ra8 35. a4 d5 36. a5 Bd6+ 37. Kf2 Ne5 38. Na4 Nc4 39. Nb2 Ne5 40. Na4 Nc4 41. Rbb1 f5 42. Bf3 fxg4 43. hxg4 Bd7 44. Rxd5 cxd5 45. Bxd5+ Kg7 46. Nc3 Ne5 47. Bxb7 Rf8+ 48. Kg2 Nxg4 49. Re1 Rf2+ 50. Kg1 Bh2+ 51. Kh1 Be5 52. Ne2 Rh2+ 53. Kg1 Bd6 54. a6 Be5 55. a7 Bd6 56. a8=Q Bc7 57. Qa7 1-0


[Site "https://www.chess.com"]

[Event "Titled Tuesday Blitz March 01 Late 2022"]
[White "Tanenbaum, Zachary"]
[Black "Grischuk, Alexander"]
[WhiteFideId "2060850"]
[BlackFideId "4126025"]
[WhiteElo "2168"]
[BlackElo "2762"]
[Result "0-1"]
[Round "04"]
[TimeControl "180+1"]
[Date "2022.03.01"]
[WhiteClock "0:00:12"]
[BlackClock "0:01:34"]

1. e4 d5 2. exd5 Qxd5 3. Nc3 Qa5 4. d4 Nf6 5. Nf3 c6 6. Bc4 Bf5 7. Bd2 Nbd7 8. Qe2 Qc7 9. O-O-O e6 10. Rhe1 O-O-O 11. Ne5 Nxe5 12. dxe5 Nd5 13. Bxd5 cxd5 14. Be3 Bb4 15. Nb5 Qa5 16. Nxa7+ Kb8 17. Kb1 Bxe1 18. Rxe1 d4 19. Bg5 d3 20. Bxd8 Rxd8 21. Qe3 dxc2+ 22. Kc1 Qxa7 0-1


[Site "https://www.chess.com"]

[Event "Titled Tuesday Blitz March 01 Late 2022"]
[White "Tari, Aryan"]
[Black "Leiva, Gianmarco"]
[WhiteFideId "1510045"]
[BlackFideId "3804399"]
[WhiteElo "2567"]
[BlackElo "2328"]
[Result "1/2-1/2"]
[Round "04"]
[TimeControl "180+1"]
[Date "2022.03.01"]
[WhiteClock "0:00:17"]
[BlackClock "0:00:13"]

1. c4 e6 2. Nc3 d5 3. d4 c6 4. e4 dxe4 5. Nxe4 Bb4+ 6. Nc3 Nf6 7. Nf3 c5 8. Be3 Nc6 9. a3 Bxc3+ 10. bxc3 O-O 11. Bd3 cxd4 12. cxd4 e5 13. dxe5 Nxe5 14. Nxe5 Qa5+ 15. Qd2 Qxe5 16. O-O Bf5 17. Bf4 Qc5 18. Be3 Qe5 19. Bxf5 Qxf5 20. h3 Rfd8 21. Qb4 b6 22. a4 Qe4 23. Rfd1 Nd5 24. Qd2 Qxc4 25. a5 Qc7 26. Rac1 Qe7 27. Bd4 h6 28. Qb2 Qg5 29. g3 Nf4 30. Be3 Rxd1+ 31. Rxd1 Qh5 32. Ra1 Nxh3+ 33. Kg2 Ng5 34. Bxg5 Qxg5 35. axb6 Qd5+ 36. Kh2 axb6 37. Rxa8+ Qxa8 38. Qxb6 Qf3 39. Qd4 Kh7 40. Kg1 h5 41. Qe5 f6 42. Qe8 h4 43. gxh4 Qg4+ 44. Kf1 Qh3+ 45. Kg1 Qg4+ 46. Kf1 Qxh4 47. Kg2 Qg4+ 48. Kh2 Qh4+ 49. Kg2 Qg5+ 50. Kf1 Qc1+ 51. Kg2 Qg5+ 52. Kf1 Qe5 53. Qd7 Qa1+ 54. Kg2 Qa8+ 55. Kh2 Qe4 56. Qh3+ Kg6 57. Qd7 Qe5+ 58. Kg2 Qe4+ 59. Kh2 Qf4+ 60. Kg2 Qe4+ 61. Kh2 1/2-1/2


[Site "https://www.chess.com"]

[Event "Titled Tuesday Blitz March 01 Late 2022"]
[White "Tomb, Maroun"]
[Black "Babazada, Khazar"]
[WhiteFideId "5300398"]
[BlackFideId "13413554"]
[WhiteElo "2569"]
[BlackElo "2418"]
[Result "0-1"]
[Round "04"]
[TimeControl "180+1"]
[Date "2022.03.01"]
[WhiteClock "0:00:01"]
[BlackClock "0:00:48"]

1. e4 Nf6 2. d3 e5 3. Nd2 Nc6 4. Ngf3 d6 5. Be2 g6 6. c3 Bg7 7. b4 O-O 8. Qc2 Nh5 9. Nf1 Nf4 10. Bxf4 exf4 11. N1d2 Nxb4 12. Qb3 Nc6 13. d4 a6 14. O-O b5 15. a4 b4 16. cxb4 Rb8 17. Qc3 Nxb4 18. Rfd1 a5 19. Nb3 c6 20. Rab1 Re8 21. e5 Bf5 22. Rb2 Be4 23. exd6 Nd5 24. Qc5 Bf8 25. Rdd2 Bxf3 26. gxf3 Bxd6 27. Qxc6 Bb4 28. Rdc2 Re6 29. Qc4 Qg5+ 30. Kf1 Rbe8 31. Rb1 Nc3 32. Rbb2 Nd5 33. Nc5 Bxc5 34. dxc5 Nb4 35. Rd2 Qh4 36. Kg2 Re5 37. Bf1 Rh5 38. Be2 Qxh2+ 0-1


[Site "https://www.chess.com"]

[Event "Titled Tuesday Blitz March 01 Late 2022"]
[White "Tomiello, Mateus Costamilan"]
[Black "Kosakowski, Jakub"]
[WhiteFideId "22701958"]
[BlackFideId "1185080"]
[WhiteElo "2544"]
[BlackElo "2743"]
[Result "0-1"]
[Round "04"]
[TimeControl "180+1"]
[Date "2022.03.02"]
[WhiteClock "0:00:02"]
[BlackClock "0:00:07"]

1. e4 c5 2. Nf3 e6 3. d4 cxd4 4. Nxd4 Nc6 5. Nb5 d6 6. c4 Nf6 7. N1c3 a6 8. Na3 Be7 9. Be2 O-O 10. O-O b6 11. Be3 Bb7 12. f3 Ne5 13. Rc1 Rc8 14. Na4 Nfd7 15. f4 Nc6 16. Qb3 Na5 17. Qd3 Bc6 18. Nc3 Nb7 19. b4 a5 20. b5 Nbc5 21. Qb1 Ba8 22. Bf3 Qc7 23. Rfd1 Rfd8 24. Nc2 g6 25. Nd4 Bf6 26. Nc6 Re8 27. Qc2 Bg7 28. Qd2 Bf8 29. Qd4 e5 30. Qd2 Bxc6 31. bxc6 Qxc6 32. Nd5 exf4 33. Bd4 Ne5 34. Qxf4 Bg7 35. Nf6+ Bxf6 36. Qxf6 Ne6 37. Ba1 Qc5+ 38. Kh1 Qe3 39. Rf1 Qf4 40. Qxf4 Nxf4 41. Bd1 Nfd3 42. Rc3 Nb4 43. Bb3 b5 44. cxb5 Rb8 45. a4 Re7 46. Rfc1 Ned3 47. Rc8+ Re8 48. Rxb8 Rxb8 49. Rc7 Nc5 50. Bxf7+ Kf8 51. Bc4 Nxa4 52. Bg7+ Ke8 53. Bf7+ Kd8 54. Ra7 Rxb5 55. Bf6+ Kc8 56. Be6+ Kb8 57. Rxh7 Nc6 58. h3 Ne5 59. Bd5 Nb6 60. Rb7+ Kc8 61. Be7 Nxd5 62. Rxb5 Nxe7 63. Rxa5 N7c6 64. Ra1 Kd7 65. Rd1 Ke6 66. Kh2 Nd7 67. Kg3 Nc5 68. Kf4 Ne5 69. g4 Nf7 70. h4 Ne5 71. Rd5 Ncd3+ 72. Kg5 Nf2 73. h5 Nxe4+ 74. Kf4 Kxd5 75. h6 Nf6 76. g5 Nh7 77. Ke3 Nxg5 78. Kf4 Nh7 0-1


[Site "https://www.chess.com"]

[Event "Titled Tuesday Blitz March 01 Late 2022"]
[White "Urazayev, Arystanbek"]
[Black "Rosen, Eric"]
[WhiteFideId "13709810"]
[BlackFideId "2032562"]
[WhiteElo "2321"]
[BlackElo "2362"]
[Result "1/2-1/2"]
[Round "04"]
[TimeControl "180+1"]
[Date "2022.03.01"]
[WhiteClock "0:00:08"]
[BlackClock "0:00:07"]

1. d4 d5 2. c4 e6 3. Nf3 Nf6 4. Nc3 a6 5. c5 Nc6 6. Bf4 b6 7. cxb6 cxb6 8. e3 Bd6 9. Bxd6 Qxd6 10. Bd3 O-O 11. O-O Bb7 12. Rc1 b5 13. Ne2 Rac8 14. Nf4 Rfe8 15. Bb1 g6 16. Nd3 Nd7 17. Qd2 Rc7 18. h4 Rec8 19. h5 Nb6 20. b3 Nd7 21. g3 e5 22. hxg6 hxg6 23. dxe5 Ncxe5 24. Nfxe5 Nxe5 25. Nxe5 Qxe5 26. Rxc7 Rxc7 27. Qd4 Qxd4 28. exd4 b4 29. f3 a5 30. Bd3 Rc3 31. Rd1 Bc8 32. Kf2 Bf5 33. Bxf5 gxf5 34. Rd2 Kg7 35. Re2 Kf6 36. Re5 Rc2+ 37. Ke3 Rxa2 38. Rxd5 Ra3 39. Kf4 Rxb3 40. Rxf5+ Ke6 41. Rxa5 Rb1 42. g4 b3 43. Re5+ Kd6 44. Rb5 b2 45. g5 Rd1 46. Rxb2 Rxd4+ 47. Kf5 Ke7 48. f4 Rd5+ 49. Kg4 Rd6 50. f5 Rd1 51. f6+ Ke6 52. Re2+ Kd6 53. Re7 Rg1+ 54. Kf4 Rf1+ 55. Kg3 Rg1+ 56. Kh4 Rh1+ 57. Kg4 Rg1+ 58. Kf3 Rxg5 59. Rxf7 Ke6 60. Rf8 Rf5+ 61. Ke4 Rxf6 62. Ra8 Kf7 63. Ra7+ 1/2-1/2


[Site "https://www.chess.com"]

[Event "Titled Tuesday Blitz March 01 Late 2022"]
[White "Vargas Pereda, Jesus Manue"]
[Black "Antonova, Nadezhda"]
[WhiteFideId "5115710"]
[BlackFideId "14700182"]
[WhiteElo "1777"]
[BlackElo "1765"]
[Result "0-1"]
[Round "04"]
[TimeControl "180+1"]
[Date "2022.03.02"]
[WhiteClock "0:00:13"]
[BlackClock "0:00:06"]

1. d4 Nf6 2. Bf4 g6 3. Nc3 d5 4. e3 Bg7 5. Nf3 O-O 6. Be2 c6 7. O-O Re8 8. Qd3 Bf5 9. Qd2 Ne4 10. Nxe4 dxe4 11. Nh4 Bc8 12. h3 Nd7 13. f3 exf3 14. Nxf3 Nf6 15. Bd3 c5 16. c3 b6 17. Ne5 Bb7 18. Be2 Ne4 19. Qd3 Rc8 20. Bf3 f5 21. Rad1 c4 22. Nxc4 Ba6 23. b3 Qd5 24. Be2 Kh8 25. Qc2 b5 26. Nd2 Nxc3 27. Bf3 Qd7 28. Qb2 Ne4 29. Nxe4 fxe4 30. Bxe4 Bb7 31. Qb1 Bd5 32. Bxd5 Qxd5 33. Qd3 Red8 34. Rc1 Rxc1 35. Rxc1 e5 36. Rc5 Qxc5 37. dxc5 Rxd3 38. Bg5 Rc3 39. b4 Rc4 40. a3 Kg8 41. Be7 Kf7 42. Bd6 Ke6 43. Kf2 Bf6 44. Kf3 Be7 45. e4 Bxd6 46. cxd6 Kxd6 47. Ke3 Ke6 48. Kd3 Rd4+ 49. Kc3 Rxe4 50. Kd3 Rc4 51. g4 e4+ 52. Ke3 Ke5 53. h4 Rc3+ 54. Ke2 Rxa3 0-1


[Site "https://www.chess.com"]